 Dungeon Sprint DCSS version 0.18-a0-1655-ge2d8d33 (webtiles) character file.

388 Kidiri the Nimble (level 6, -4/36 HPs)
             Began as a Spriggan Artificer on Mar 30, 2016.
             Was a Follower of Nemelex Xobeh.
             Slain by a draconian
             ... wielding a +0 flail
              (5 damage)
             ... in the Dungeon (Sprint V: "Ziggurat Sprint").
             The game lasted 00:03:39 (385 turns).

Kidiri the Nimble (Spriggan Artificer)               Turns: 385, Time: 00:03:40

Health: -4/36      AC: 19    Str: 14    XL:     6   Next: 49%
Magic:  14/14      EV: 13    Int: 13    God:    Nemelex Xobeh [*.....]
Gold:   0          SH:  0    Dex: 29    Spells: 0 memorised, 5 levels left

rFire  + . .     SeeInvis +     p - +5 rapier
rCold  + . .     Gourm    .     J - +5 gold dragon armour
rNeg   . . .     Faith    .     (shield restricted)
rPois  +         Spirit   .     K - +2 hat of the High Council {Archmagi, Wiz- Stlth-}
rElec  .         Dismiss  .     (no cloak)
rCorr  .         Reflect  .     (gloves unavailable)
SustAt .         Harm     .     (boots unavailable)
MR     +....     NoTele   +     (no amulet)
Stlth  ..........               r - +6 ring of strength
                                n - +6 ring of dexterity

@: agile, darkness, very quick, somewhat resistant to hostile enchantments,
extremely unstealthy
A: unfitting armour, see invisible, herbivore 3, speed 3, slow metabolism 2
a: Renounce Religion


You were in the Dungeon.
You worshipped Nemelex Xobeh.
Nemelex Xobeh was aware of your devotion.
You were not hungry.

You visited 1 branch

Inventory:

Hand Weapons
 p - a +5 rapier (weapon)
Armour
 J - a +5 gold dragon armour (worn)
 K - the +2 hat of the High Council (worn) {Archmagi, Wiz- Stlth-}
   (You found it in the Dungeon)

   It makes you less stealthy.
Jewellery
 n - a +6 ring of dexterity (left hand)
 o - a +6 ring of dexterity
 r - a +6 ring of strength (right hand)
 s - a +6 ring of strength
Wands
 c - a wand of flame (15/48)
 d - a wand of enslavement (15/24)
 e - a wand of random effects (15/48)
 u - a wand of disintegration (7/24)
 v - a wand of iceblast (5/15)
 w - a wand of lightning (5/15)
 x - a wand of acid (5/15)
Scrolls
 l - 4 scrolls of blinking
 q - 4 scrolls of amnesia
 t - 3 scrolls of recharging
 y - 7 scrolls of fog
 z - a scroll of holy word
 A - 5 scrolls of identify
 B - 5 scrolls of remove curse
 C - 2 scrolls of fear
Potions
 g - 10 potions of curing
 h - 7 potions of heal wounds
 i - 6 potions of haste
 j - 7 potions of magic
 k - 3 potions of berserk rage
 D - 2 potions of brilliance
 E - 2 potions of invisibility
 F - 4 potions of resistance
 H - 5 potions of agility
 I - 5 potions of might
Miscellaneous
 b - an ornate deck of war {drawn: 5}
 m - a disc of storms
 G - a phantom mirror
Comestibles
 a - 42 fruits
 f - 5 bread rations


   Skills:
 * Level 6.0 Fighting
 + Level 5.4 Short Blades
 * Level 10.6 Dodging
 + Level 7.9 Stealth
 * Level 10.3 Evocations


You had 5 spell levels left.
You didn't know any spells.

Dungeon Overview and Level Annotations

Branches:
Dungeon (1/1)

Altars:
Ashenzari
Cheibriados
Dithmenos
Elyvilon
Fedhas
Gozag
Kikubaaqudgha
Makhleb
Nemelex Xobeh
Okawaru
Pakellas
Qazlal
Ru
Sif Muna
Trog
Vehumet
Xom
Yredelemnul
Zin
The Shining One
Beogh
Jiyva
Lugonu


Innate Abilities, Weirdness & Mutations

You are tiny and cannot use many weapons and most armour.
You have supernaturally acute eyesight.
You are a herbivore.
You cover ground extremely quickly.
You need consume almost no food.


Message History

Your gold dragon armour prevents you from hitting the draconian.
The draconian is severely wounded.
The draconian hits you from afar with the +9 halberd "Tuul" {chop, Dex+3}.
The draconian barely misses you. x2
You hit the draconian.
The draconian is severely wounded.
The draconian hits you but does no damage. x2
The draconian barely misses you.
Unknown command.
The draconian barely misses you. The draconian misses you.
You hit the draconian but do no damage.
The draconian is moderately wounded.
Unknown command.
You hit the draconian.
The draconian is moderately wounded.
The draconian hits you from afar with the +9 halberd "Tuul" {chop, Dex+3}!
* * * LOW HITPOINT WARNING * * *
x2 The draconian hits you with a flail.
You die...
Your body disappears without a glow.

▓....^▓.....▓▓▓▓▓
▓▓▓▓▓▓▓▓▓▓▓▓▓▓
▓..8©8...▓
▓..:)....▓
▓........▓
▓...§..§.▓
▓.d.....§▓
▓d▓...≈▓.▓
▓@dd...§.▓
▓▓▓▓▓▓▓▓▓▓


You could see 4 draconians.

Vanquished Creatures
  A scorpion (D)
  2 jellies (D)
  A mummy (D)
  An ooze (D)
  A bat zombie (D)
6 creatures vanquished.

Vanquished Creatures (collateral kills)
  2 jumping spiders (D)
  A scorpion (D)
3 creatures vanquished.

Grand Total: 9 creatures vanquished

Notes
Turn   | Place    | Note
--------------------------------------------------------------
     0 | D        | Kidiri the Spriggan Artificer began the quest for the Orb.
     0 | D        | Reached XP level 1. HP: 9/9 MP: 4/4
     0 | D        | Found an iron altar of Okawaru.
     0 | D        | Found a burning altar of Makhleb.
     0 | D        | Found a radiant altar of Vehumet.
     0 | D        | Found a deep blue altar of Sif Muna.
     0 | D        | Found a shimmering altar of Xom.
     0 | D        | Found a bloodstained altar of Trog.
     5 | D        | Found a white marble altar of Elyvilon.
     5 | D        | Found a corrupted altar of Lugonu.
     5 | D        | Found a sparkling altar of Nemelex Xobeh.
     5 | D        | Found a roughly hewn altar of Beogh.
     5 | D        | Found a viscous altar of Jiyva.
    32 | D        | Became a worshipper of Nemelex Xobeh the Trickster
    79 | D        | Reached XP level 2. HP: 16/16 MP: 5/7
   109 | D        | Received a gift from Nemelex Xobeh
   109 | D        | Entered arena 1.
   124 | D        | Entered arena 2.
   132 | D        | Reached XP level 3. HP: 7/20 MP: 9/9
   138 | D        | Reached skill level 5 in Stealth
   138 | D        | Reached XP level 4. HP: 16/25 MP: 10/10
   281 | D        | Entered arena 3.
   281 | D        | Noticed a jumping spider
   281 | D        | Noticed a jumping spider
   302 | D        | Killed a jumping spider
   302 | D        | Reached skill level 5 in Fighting
   302 | D        | Reached XP level 5. HP: 25/30 MP: 13/13
   303 | D        | Reached skill level 5 in Short Blades
   303 | D        | Reached skill level 10 in Dodging
   303 | D        | Reached XP level 6. HP: 29/35 MP: 14/14
   304 | D        | Killed a jumping spider
   304 | D        | Reached skill level 10 in Evocations
   369 | D        | Reached * piety under Nemelex Xobeh
   369 | D        | Entered arena 4.
   369 | D        | Noticed a draconian
   369 | D        | Noticed a draconian
   369 | D        | Noticed a draconian
   369 | D        | Noticed a draconian
   385 | D        | HP: 1/36 [draconian/the +9 halberd "Tuul" {chop, Dex+3} (1)]
   385 | D        | Slain by a draconian

Vault maps used:
D:        sprint_v

Skill      XL: |  1  2  3  4  5  6 |
---------------+-------------------+-----
Fighting       | 2 3 4 5 6 |  6.0
Short Blades   | 2 3 4 5 |  5.4
Dodging        | 6 7 9 10 | 10.6
Stealth        | 4 5 7 |  7.9
Evocations     | 6 7 9 10 | 10.3

Action                   |  1- 3 |  4- 6 || total
-------------------------+-------+-------++-------
Melee: Rapier            |    17 |    23 ||    40
Evoke: Deck              |     1 |     4 ||     5
       Disc of storms    |       |     7 ||     7
  Use: Potion            |     2 |     2 ||     4
